Cogmind - Beta 15 *** ADVENTURER MODE // 2025.06.10 @ 16:14:22 Player: triibiis Result: Core destroyed Performance ------------- Evolutions (1) 500 Regions Visited (3) 600 Robots Destroyed (58) 290 Value Destroyed (1270) 1270 Prototype IDs (4) 80 Alien Tech Used (0) 0 Bonus (0) 0 TOTAL SCORE: 2740 Bonus ------- None Cogmind --------- Core Integrity 0/400 Matter 483/600 Energy 80/100 System Corruption 0% Temperature Critical (549) Movement Rolling (105) Ox1 Location -9/Mines Parts ------- > --- POWER (1) -------- (None) > --- PROPULSION (2) --- Armored Wheel > --- UTILITY (3) ------ Large Matter Pod Large Matter Pod > --- WEAPON (3) ------- Particle Cannon Particle Cannon > --- INVENTORY (5) ---- Light Ion Engine Light Ion Engine Particle Cannon Grenade Launcher Mining Laser Peak State ------------ > --- POWER ------------ Ion Engine > --- PROPULSION ------- Armored Wheel Armored Wheel > --- UTILITY ---------- Small Storage Unit Large Matter Pod Large Matter Pod > --- WEAPON ----------- Beam Rifle Beam Rifle Particle Cannon > --- INVENTORY -------- Light Ion Engine Light Ion Engine Particle Gun Particle Cannon Particle Cannon Grenade Launcher Mining Laser [Rating: 15] Favorites ----------- Power Ion Engine Engine Ion Engine Propulsion Armored Wheel Treads Light Treads Wheel Armored Wheel Utility Small Storage Unit Storage Small Storage Unit Weapon Particle Cannon Energy Gun Beam Rifle Energy Cannon Particle Cannon Ballistic Gun Light Assault Rifle Launcher Grenade Launcher Build | -11 -10 -9 -9 ------- Run | Yrd Mat Mat Min Slots Evolved 2 | . . 2 . Power . | . . . . Propulsion . | . . . . Utility 1 | . . 1 . Weapon 1 | . . 1 . Parts Attached 23 | 6 14 3 . Power 3 | 1 . 2 . Engine 3 | 1 . 2 . Core . | . . . . Reactor . | . . . . Propulsion 6 | 2 4 . . Treads 2 | 2 . . . Leg . | . . . . Wheel 4 | . 4 . . Hover . | . . . . Flight . | . . . . Utility 5 | 1 4 . . Device . | . . . . Storage 5 | 1 4 . . Processor . | . . . . Hackware . | . . . . Protection . | . . . . Artifact . | . . . . Weapon 9 | 2 6 1 . Energy Gun 3 | 1 1 1 . Energy Cannon 4 | . 4 . . Ballistic Gun 1 | 1 . . . Ballistic Cannon . | . . . . Launcher 1 | . 1 . . Special Weapon . | . . . . Impact Weapon . | . . . . Slashing Weapon . | . . . . Piercing Weapon . | . . . . Special Melee Weapon . | . . . . Unidentified Prototypes . | . . . . Parts Lost 8 | . 1 4 3 Power 2 | . . 1 1 Propulsion 2 | . . 2 . Utility 1 | . . . 1 Weapon 3 | . 1 1 1 Highest Loss Streak 3 | . 1 2 3 To Critical Strikes . | . . . . Average Backups 5 | . 6 6 6 Power 1 | . 1 1 2 Propulsion . | . . . . Utility . | . . . . Weapon 4 | . 4 4 4 Tool/Special . | . . . . Unused Backups 5 | . 1 . 4 Power 1 | . . . 1 Propulsion . | . . . . Utility . | . . . . Weapon 4 | . 1 . 3 Tool/Special . | . . . . Average Slot Usage (%) 98 | . 99 98 88 Engine 13 | . 14 11 11 Treads 1 | . 1 . . Wheel 24 | . 26 20 11 Storage 28 | . 27 32 33 Energy Gun 7 | . 3 22 11 Energy Cannon 19 | . 21 11 22 Launcher 1 | . 1 . . Peak Build Rating 15 | 6 12 15 12 Average Rating 10 | 4 10 14 11 On Entrance 7 | . 6 12 11 Naked Turns . | . . . . Heaviest Build 27 | 13 25 26 27 Greatest Support 40 | 40 40 24 12 Greatest Overweight (x) 4 | 4 1 2 2 Average Overweight (x) . | . . 1 1 Largest Inventory Capacity 10 | 8 10 8 8 Average Capacity 7 | 7 8 8 7 Most Carried 8 | 2 8 7 6 Average Carried 5 | . 6 6 5 Final Capacity 8 | 8 8 8 5 Final Carried 8 | 2 8 7 5 Class Distribution -------------------- 80% | Mutant 19% | Gunner Dominant Class ---------------- Mutant | -10/Materials Gunner | -9/Materials Gunner | -9/Mines Resources | -11 -10 -9 -9 ----------- Run | Yrd Mat Mat Min Matter Collected 1199 | 209 740 217 33 Remotely . | . . . . Salvage Created 1541 | . 1041 389 111 Parts 110 | . 74 28 8 Haulers Intercepted 1 | . 1 . . Recyclers Shooed . | . . . . Parts Field Recycled . | . . . . Retrieved Matter . | . . . . Parts Self-Destructed . | . . . . Prevented . | . . . . Kills | -11 -10 -9 -9 ------- Run | Yrd Mat Mat Min Combat Hostiles Destroyed 46 | . 28 13 5 Guns 12 | . 1 10 1 Cannons 29 | . 22 3 4 AOE 4 | . 4 . . Classes Destroyed 8 | . 7 1 . Worker 3 | . 3 . . Builder 2 | . 2 . . Hauler 1 | . 1 . . Recycler 1 | . 1 . . Watcher 5 | . 3 2 . Swarmer 20 | . 9 8 3 Grunt 24 | . 19 3 2 Sentry 2 | . . 2 . Best Kill Streak 8 | . 8 7 3 Combat Bots Only 7 | . 5 7 3 Max Kills in Single Turn 3 | . 3 1 1 Gunslinging . | . . . . Exploded 2 | . 2 . . Melee . | . . . . Uniques/NPCs Destroyed . | . . . . Combat | -11 -10 -9 -9 -------- Run | Yrd Mat Mat Min Hostile Shots Fired 215 | . 112 76 27 Missed 64 | . 40 18 6 Hits 151 | . 72 58 21 Projectile 151 | . 72 58 21 Critical Strikes 2 | . . 2 . Damage Taken 1543 | . 610 595 338 Core 622 | . 173 221 228 Absorbed by Shields . | . . . . Ignored by Resistances 377 | . 185 140 52 Core Remaining (%) 65 | 100 30 . . Volleys Fired 96 | . 65 23 8 Largest 3 | . 2 3 3 Hottest 192 | . 128 180 192 Shots Fired 202 | . 116 63 23 Gun 61 | . 12 42 7 Cannon 132 | . 95 21 16 Launcher 9 | . 9 . . Special . | . . . . Kinetic . | . . . . Thermal 188 | . 102 63 23 Explosive 9 | . 9 . . Electromagnetic 5 | . 5 . . Robot Hit Streak 13 | . 13 9 10 Robot Miss Streak 3 | . 3 2 1 Penetration Max . | . . . . Secondary Targets . | . . . . Shots Hit Robots 124 | . 75 33 16 Core Hits 66 | . 44 16 6 Critical Kills 1 | . 1 . . Critical Parts Destroyed . | . . . . Critical Strikes 6 | . 1 4 1 Burn 5 | . . 4 1 Meltdown 1 | . 1 . . Melee Attacks . | . . . . Impact . | . . . . Slashing . | . . . . Piercing . | . . . . Sneak Attacks . | . . . . Combat Hostiles . | . . . . Follow-up Attacks . | . . . . Damage Inflicted 2824 | . 1990 536 298 Guns 591 | . 158 362 71 Cannons 1634 | . 1243 164 227 Explosions 589 | . 589 . . Melee . | . . . . Ramming 10 | . . 10 . Kinetic . | . . . . Thermal 2168 | . 1344 526 298 Explosive 589 | . 589 . . Electromagnetic 57 | . 57 . . Impact . | . . . . Slashing . | . . . . Piercing . | . . . . Highest Corruption . | . . . . Average Corruption . | . . . . Corruption Purged . | . . . . Corruption Blocked . | . . . . Overload Shots . | . . . . Overflow Damage 20 | . 14 6 . Projectiles 7 | . 1 6 . Explosions 13 | . 13 . . Melee . | . . . . Knockbacks . | . . . . Impact . | . . . . Kinetic . | . . . . Secondary . | . . . . Self-Inflicted Damage 33 | . 28 5 . Shots 2 | . 2 . . Rammed 1 | . . 1 . Targets Rammed 1 | . . 1 . Kicked . | . . . . Crushed . | . . . . Highest Temperature 652 | . 550 652 549 Average Temperature 194 | . 152 256 298 Received Heat Transfer 480 | . 276 132 72 Effects 51 | . 13 30 8 Shutdowns 11 | . 3 6 2 Energy Bleed 4 | . 2 2 . Interference 16 | . 3 10 3 Matter Decay 5 | . 1 4 . Short Circuit 1 | . . 1 . Damage (minor) 2 | . . 2 . Damage (major) 6 | . 3 3 . Damage (core) 6 | . 1 2 3 Siege Activations . | . . . . Martial Activations . | . . . . Shielding Activations . | . . . . Robots Disrupted . | . . . . Combat Hostiles . | . . . . Robots Corrupted . | . . . . Combat Hostiles . | . . . . Parts Fried . | . . . . Impact Corruptions . | . . . . Robots Melted 1 | . 1 . . Combat Hostiles 1 | . 1 . . Parts Melted 9 | . 4 3 2 Heat Transferred 4847 | . 2664 1517 666 Parts Sabotaged . | . . . . Parts Stolen . | . . . . Parts Stripped . | . . . . Power Chain Reactions . | . . . . Alert | -11 -10 -9 -9 ------- Run | Yrd Mat Mat Min Maximum Alert Level 1 | . 1 1 . Low Security (%) 87 | 100 88 80 100 Level 1 12 | . 11 19 . Level 2 . | . . . . Level 3 . | . . . . Level 4 . | . . . . Level 5 . | . . . . High Security . | . . . . Max Security . | . . . . Peak Influence 293 | . 293 268 158 Initial 78 | . . 32 78 Average 102 | . 100 138 123 Influence Increases 1342 | . 846 386 110 Destroy 0b10 Robot/C 920 | . 560 260 100 Destroy 0b10 Robot/NC 60 | . 50 10 . Destroy Leader 202 | . 128 64 10 Successful Hack 52 | . 52 . . Disable Machine 45 | . 9 36 . Destroy Structure 48 | . 47 1 . Partial Spotted 15 | . . 15 . Influence Decreases 1194 | . 756 238 200 Entered New Map 218 | . . 58 160 Time Decay 746 | . 596 140 10 Lost Part 80 | . 10 40 30 Purge Threat 150 | . 150 . . Squads Dispatched 11 | . 9 2 . Investigation 10 | . 9 1 . Extermination . | . . . . Reinforcement 1 | . . 1 . Assault . | . . . . Garrison . | . . . . Intercept . | . . . . Searches Triggered . | . . . . Construction Impeded . | . . . . Haulers Reinforced . | . . . . Active Scanning Responses . | . . . . Cargo Convoy Interrupts . | . . . . Stealth | -11 -10 -9 -9 --------- Run | Yrd Mat Mat Min Distress Signals 3 | . 1 2 . Communications Jammed . | . . . . Distress Signals . | . . . . Times Spotted 61 | . 30 24 7 Peak Tracking Total 7 | . 4 7 4 Tactical Retreats . | . . . . Traps | -11 -10 -9 -9 ------- Run | Yrd Mat Mat Min Traps Triggered 5 | . 5 . . Indirectly . | . . . . Trap Hack Attempts . | . . . . Triggered . | . . . . Disarmed . | . . . . Reprogrammed . | . . . . Reused . | . . . . Traps Extracted . | . . . . Installed . | . . . . Triggered . | . . . . Machines | -11 -10 -9 -9 ---------- Run | Yrd Mat Mat Min Machines Disabled 6 | . 2 4 . Max in Single Turn 1 | . 1 1 . Machines Repaired . | . . . . Machines Dismantled . | . . . . Machines Sabotaged . | . . . . Overloaded Fab Kills . | . . . . Hacking | -11 -10 -9 -9 --------- Run | Yrd Mat Mat Min Machines Accessed 9 | . 8 1 . Terminals 9 | . 8 1 . Fabricators . | . . . . Repair Stations . | . . . . Recycling Units . | . . . . Scanalyzers . | . . . . Garrison Access . | . . . . Total Hacks 31 | . 27 4 . Successful 10 | . 10 . . Failed 21 | . 17 4 . Catastrophic 5 | . 2 3 . Database Lockouts . | . . . . Manual 24 | . 20 4 . Terminals 31 | . 27 4 . Fabricators . | . . . . Repair Stations . | . . . . Recycling Units . | . . . . Scanalyzers . | . . . . Garrison Access . | . . . . Terminal Hacks 10 | . 10 . . Prototype ID Bank 2 | . 2 . . Level Access Points 1 | . 1 . . Branch Access Points 1 | . 1 . . Terminal Index 1 | . 1 . . Alert Level 1 | . 1 . . Unreport Threat 1 | . 1 . . Locate Traps 1 | . 1 . . Investigation Status 1 | . 1 . . Zone Layout 1 | . 1 . . Fabricator Hacks . | . . . . Repair Station Hacks . | . . . . Recycling Unit Hacks . | . . . . Scanalyzer . | . . . . Garrison Access Hacks . | . . . . Unauthorized Hacks . | . . . . Terminals . | . . . . Fabricators . | . . . . Repair Stations . | . . . . Recycling Units . | . . . . Scanalyzers . | . . . . Garrison Access . | . . . . Data Cores Recovered . | . . . . Used . | . . . . Hacking Detections 9 | . 8 1 . Full Trace Events 9 | . 8 1 . Feedback Events . | . . . . Feedback Blocked . | . . . . Robot Schematics Acquired . | . . . . Robots Built . | . . . . Authchips . | . . . . Time . | . . . . Total Robot Build Rating . | . . . . Part Schematics Acquired . | . . . . Parts Built . | . . . . Authchips . | . . . . Time . | . . . . Total Part Build Rating . | . . . . Parts Repaired . | . . . . Time . | . . . . Parts Recycled . | . . . . Recycled Matter . | . . . . Retrieved Matter . | . . . . Retrieved Components . | . . . . Parts Scanalyzed . | . . . . Part Schematics Acquired . | . . . . Parts Damaged . | . . . . Bothacking | -11 -10 -9 -9 ------------ Run | Yrd Mat Mat Min Used RIF Installer . | . . . . Robots Hacked . | . . . . Non-combat . | . . . . Combat . | . . . . Robot Hacks Applied . | . . . . Relay Couplers Released . | . . . . Fabnet Peak Effective % . | . . . . Robots Rewired . | . . . . Allies Hacked . | . . . . Hacks Repelled . | . . . . Allies | -11 -10 -9 -9 -------- Run | Yrd Mat Mat Min Total Allies . | . . . . Largest Group . | . . . . Highest-Rated Group . | . . . . Highest-Rated Ally . | . . . . Total Orders . | . . . . Ally Attacks . | . . . . Total Damage . | . . . . Kills . | . . . . Allies Corrupted . | . . . . Allies Melted . | . . . . Intel | -11 -10 -9 -9 ------- Run | Yrd Mat Mat Min Active Infowar (turns) . | . . . . Robot Analysis Total . | . . . . Derelict Logs Recovered . | . . . . Drone Launches . | . . . . Drone Recoveries . | . . . . Exploration | -11 -10 -9 -9 ------------- Run | Yrd Mat Mat Min Turns Passed 1674 | 81 1260 294 39 Spaces Moved 1298 | 46 1043 197 12 Core 16 | 16 . . . Treads 64 | 30 34 . . Legs . | . . . . Wheels 1218 | . 1009 197 12 Hover . | . . . . Flight . | . . . . Fastest Speed 50 | 50 90 90 105 Average Speed 96 | 154 92 105 118 Slowest Speed 250 | 250 160 120 120 Overloaded Moves . | . . . . Propulsion Burnouts . | . . . . Robots Hopped . | . . . . Potential Cave-ins . | . . . . Cave-ins Triggered . | . . . . Exploration Rate (%) 33 | 4 98 23 9 Regions Visited 3 Branch Regions 1 Pre-discovered Areas . | . . . . Known Exits Taken 1 | . 1 . . Unknown Exits Taken 2 | 1 . 1 . Scrap Searched . | . . . . Spaces Dug . | . . . . Terrain Destroyed 46 | . 46 . . Melee . | . . . . Projectile . | . . . . AOE 46 | . 46 . . Terrain Rammed . | . . . . Walls Destroyed . | . . . . Machines Disabled . | . . . . Actions | -11 -10 -9 -9 --------- Run | Yrd Mat Mat Min Total 1528 | 53 1222 232 21 Wait 81 | . 76 5 . Move 1295 | 45 1042 196 12 Hop . | . . . . Pick Up 10 | 2 6 2 . Fast Attach 16 | 6 10 . . Attach 7 | . 2 4 1 Detach 3 | . 3 . . Swap 8 | . 7 1 . Drop 11 | . 11 . . Fire 96 | . 65 23 8 Melee . | . . . . Ram 1 | . . 1 . Kick . | . . . . Crush . | . . . . Escape Stasis . | . . . . Rewire . | . . . . Trap . | . . . . Miscellaneous . | . . . . Route ------- -11/Scrapyard -10/Materials (discovered 5 exits: *Mat x3 / *Min / [*Sub]) -9/Materials -9/Mines History --------- Turn | Location | Event 32 | -11/Scrapyard | Discovered new exit (range 14) 82 | -11/Scrapyard | Entered Materials 121 | -10/Materials | Discovered new exit (range 16) 211 | -10/Materials | Discovered new exit (range 14) 305 | -10/Materials | Build established: Mutant 401 | -10/Materials | Discovered new exit (range 5) 591 | -10/Materials | Discovered new exit (range 3) 743 | -10/Materials | Discovered new exit (range 10) 751 | -10/Materials | Identified exit to Materials 1030 | -10/Materials | Core integrity fell below 50% 1167 | -10/Materials | Identified exit to Mines 1342 | -10/Materials | Entered another Materials area 1342 | -9/Materials | Evolved 2 slots: Utility x1, Weapon x1 1615 | -9/Materials | Core integrity fell below 50% 1623 | -9/Materials | Discovered new exit (range 11) 1628 | -9/Materials | Destroyed 7 combat bots 1630 | -9/Materials | Build established: Gunner 1636 | -9/Materials | Entered Mines 1674 | -9/Mines | Core integrity fell below 20% 1676 | -9/Mines | Core destroyed Last Messages --------------- Destroyed Flight Unit. S-10 Pest destroyed. Overheating: System interference. Particle Cannon temporarily disabled. Beam Rifle temporarily disabled. Power failure, Ion Engine shutdown. Acquired 19 matter. Acquired 14 matter. Power failure, Ion Engine shutdown. G-47 Trooper suffers critical hit (Burn). Aluminum Leg melted. Particle Gun melted. G-47 Trooper destroyed. Ion Engine destroyed. Beam Rifle destroyed. Overheating: Core damaged (-60). G-34 Mercenary destroyed. Overheating: Core damaged (-40). Sml. Storage Unit destroyed. Overheating: Core damaged (-80). Map ----- +----------------------------------------------------+ | | | | | | | | | | | | | | | | | | | | | | | | | | | | | ???????????????????????????????????????????? | | ????????????????##?????????????????????????? | | ????????????????? #????????###????????????? | | ??????????????????? ?????## ##???????????? | | ????????????????????# ##### #???????????? | | ????????????????????# = #???????????? | | ????????????????????# %*[= ##???????????? | | ????????????????????#####*%=%##????????????? | | ??????????????????#######= ##?????????????? | | ?????????????# $ *%g##??????????????? | | ??????????????????####### *###?????##??????? | | ??????????????????????## @ ### #??????? | | ??????????????????????# k #??????? | | ??????????????????????# t #??????? | | ??????????????????????# # ##??????? | | ??????????????????????# ! ! ##? ##???????? | | ?????????????????????# ##???#????????? | | ???????????????????? ###?????????????? | | ??????????????????? ###???????????????? | | ????????????????? #??????????????????? | | ????????????????! ???????????????????? | | ??????????????? ???????????????????? | | ?????????????? ???????????????????? | | ??????????????? ???????????????????? | | ??????????????? ???????????????????? | | ????????????????? ????????????????????? | | ??????????????????? ??????????????????????? | | ???????????????????????????????????????????? | | ???????????????????????????????????????????? | | ???????????????????????????????????????????? | | ???????????????????????????????????????????? | | ???????????????????????????????????????????? | | ???????????????????????????????????????????? | | ???????????????????????????????????????????? | | ???????????????????????????????????????????? | | ???????????????????????????????????????????? | +----------------------------------------------------+ Best States ------------- Heat Dissipation 28 Energy Generation 10 Energy Capacity 250 Matter Stores 600 Matter Capacity 600 Sight Range 16 Terrain Scan Density 10 Resistance: KI 20 Resistance: TH 20 Resistance: EX 20 Resistance: EM 20 Resistance: I 20 Resistance: S 20 Resistance: P 20 Evasion (%) 42 Recoil Reduction 2 Offensive Hacking 10 Item Schematics ----------------- None Robot Schematics ------------------ None Fabricated ------------ Nothing Repaired ---------- Nothing Alien Tech Used ----------------- None Achievements -------------- None Challenges ------------ None Game ------ Seed PoweredRelayInitializer Manual? 0 Play Time 00:18:32 Cumulative 15.2 hours Start 2025.06.10 @ 15:56:07 End 2025.06.10 @ 16:14:22 Sessions 1 Manual Loads 0 Difficulty Adventurer Special Mode None Game No. 43 Rogue 0 Adventurer 43 Explorer 0 Win Type - Total 0 Types 0/0/0/0/0/0/0/0/0/0 Lore% 16 Gallery% 15 Achievement% 17 Wizard Run 0 Options --------- Layout 1 ASCII 0 Keyboard 0 Movement Arrows Keybinds 0 Fullscreen 1 Font 36/Smallcaps Map View 50x43 Zoom Use 0% Tactical HUD 0 Map Filters NONE Filters NONE Steam 1 RUN: e7e32290-f5ca-4faf-8f9b-ab4b893d8c78